 Dungeon Crawl Stone Soup version 0.30-a0-632-g346586fe48 (webtiles) character file.

Game seed: 998605475328128875

141642 OTABOTABOTAB the Sage (level 16, -8/134 HPs)
             Began as a Grey Draconian Conjurer on Jan 13, 2023.
             Was a High Priest of Sif Muna.
             Killed from afar by a deep elf knight (25 damage)
             ... with a shard of ice
             ... on level 1 of the Elven Halls.
             The game lasted 01:40:18 (29591 turns).

OTABOTABOTAB the Sage (Grey Draconian Conjurer)    Turns: 29591, Time: 01:40:18

Health: -8/134     AC: 22    Str: 10    XL:     16   Next: 78%
Magic:  21/42      EV: 16    Int: 37    God:    Sif Muna [*****.]
Gold:   2396       SH:  0    Dex: 13    Spells: 2/39 levels left

rFire   . . .      SeeInvis +    b - staff of conjuration
rCold   + + .      Faith    .    (no shield)
rNeg    . . .      Spirit   .    (body armour unavailable)
rPois   .          Reflect  .    u - +3 hat of Pondering {ponderous, Will+ MP+10 Int+5}
rElec   .          Harm     .    G - +0 cloak {Will+}
rCorr   .          Rampage  .    d - +2 pair of gloves {Dex+3}
Will    ++++.                    S - +0 pair of boots {Fly}
Stlth   ++                       g - amulet of magic regeneration
HPRegen 0.42/turn                V - ring "Riop" {rC++ Int+6}
MPRegen 0.68/turn                p - ring "Nuaceupe" {Wiz Will+ SInv}

@: flying, slow
A: AC +14, amphibious, unfitting armour, cold-blooded
a: Renounce Religion, Channel Magic, Forget Spell, Divine Exegesis


You were on level 1 of the Elven Halls.
You worshipped Sif Muna.
Sif Muna was extremely pleased with you.
You visited 5 branches of the dungeon, and saw 24 of its levels.
You also visited: Sewer, Bailey and Ice Cave.

You collected 3427 gold pieces.
You spent 1031 gold pieces at shops.

Inventory:

Hand Weapons
 n - a +4 triple sword of electrocution
   (You took it off an orc warrior in a bailey)
Armour
 d - a +2 pair of gloves of dexterity (worn)
   (You found it in an ice cave)
 u - the +3 hat of Pondering (worn) {ponderous, Will+ MP+10 Int+5}
   (You took it off Gastronok on level 2 of the Lair of Beasts)

   Int:       It affects your intelligence (+5).
   MP:        It affects your magic capacity (+10).
   Will:      It increases your willpower.
 G - a +0 cloak of willpower (worn)
   (You took it off Maurice on level 8 of the Dungeon)
 Q - a +2 cloak
   (You found it on level 3 of the Lair of Beasts)
 S - a +0 pair of boots of flying (worn)
   (You found it on level 5 of the Lair of Beasts)
Magical Staves
 b - a staff of conjuration (weapon)
   (You acquired it in a bailey)
 l - a staff of air {rElec}
   (You found it on level 11 of the Dungeon)
 C - a staff of poison {rPois}
   (You found it on level 2 of the Lair of Beasts)
Jewellery
 c - a ring of ice {rC+, rF-}
   (You took it off Fannar on level 11 of the Dungeon)
 g - an amulet of magic regeneration (around neck)
   (You found it on level 5 of the Dungeon)
 m - a ring of magical power {MP+9}
   (You found it on level 6 of the Dungeon)
 p - the ring "Nuaceupe" (right hand) {Wiz Will+ SInv}
   (You acquired it on level 8 of the Dungeon)

   [ring of wizardry]

   It improves your spell success rate.
   SInv:      It lets you see invisible.
   Will:      It increases your willpower.
 A - a +4 ring of protection
   (You found it on level 5 of the Dungeon)
 K - an amulet of reflection
   (You found it on level 3 of the Lair of Beasts)
 V - the ring "Riop" (left hand) {rC++ Int+6}
   (You found it on level 5 of the Lair of Beasts)

   [ring of intelligence]

   Int:       It affects your intelligence (+6).
   rC:        It greatly protects you from cold.
 W - a ring of willpower
   (You found it on level 5 of the Dungeon)
Wands
 i - a wand of iceblast (26)
   (You took it off Maurice on level 8 of the Dungeon)
 j - a wand of polymorph (5)
   (You found it on level 1 of the Lair of Beasts)
 k - a wand of quicksilver (24)
   (You found it on level 6 of the Dungeon)
 q - a wand of flame (67)
   (You took it off Ijyb on level 3 of the Dungeon)
 y - a wand of mindburst (13)
   (You found it on level 1 of the Lair of Beasts)
Scrolls
 a - 3 scrolls of enchant weapon
 h - a scroll of brand weapon
 r - 7 scrolls of identify {@r1}
 t - 4 scrolls of amnesia
 w - 2 scrolls of enchant armour
 I - a scroll of fog
 O - a scroll of silence
 X - 4 scrolls of magic mapping {@r4!r}
 Y - 6 scrolls of teleportation {@r3}
Potions
 e - 3 potions of attraction {!q}
 o - a potion of cancellation
 x - 3 potions of might
 B - 2 potions of brilliance
 H - 5 potions of haste
 J - 7 potions of curing {@q1}
 L - 4 potions of flight
 M - 3 potions of magic
 N - a potion of heal wounds {@q2}
 P - 5 potions of lignification {!q}
 R - a potion of resistance
 T - a potion of berserk rage {!q}
 U - 2 potions of mutation {!q}
Miscellaneous
 v - a lightning rod (4/4)
   (You found it in a bailey)
 z - a box of beasts
   (You found it on level 1 of the Lair of Beasts)


   Skills:
 - Level 10.0 Fighting
 - Level 12.0 Staves
 - Level 10.0 Dodging
 - Level 1.7 Stealth
 + Level 12.3 Spellcasting
 + Level 14.3 Conjurations
 - Level 3.0 Hexes
 - Level 3.0 Translocations
 + Level 10.7 Earth Magic
 - Level 14.7 Invocations


You had 2 spell levels left.
You knew the following spells:

 Your Spells              Type           Power      Damage    Failure   Level
a - Magic Dart            Conj           100%       1d8       0%          1
b - Searing Ray           Conj           100%       2d8       0%          2
c - Fulminant Prism       Conj/Hex       46%        3d21      1%          4
d - Orb of Destruction    Conj           57%        9d14      1%          7
e - Iron Shot             Conj/Erth      54%        9d10      1%          6
f - Lehudib's Crystal Sp  Conj/Erth      54%        10d13     26%         8
x - Iskenderun's Mystic   Conj/Tloc      92%        2d18      1%          4
z - Iskenderun's Battles  Conj           100%       2d15      1%          5

Your spell library contained the following spells:

 Spells                   Type           Power      Damage    Failure   Level
 Sandblast                Erth           100%       2d20      0%          1
 Apportation              Tloc           88%        N/A       1%          1
 Necrotise                Necr           88%        1d8       1%          1
 Shock                    Conj/Air       100%       1d9       1%          1
 Cigotuvi's Dreadful Rot  Necr/Pois/Air  44%        N/A       1%          2
 Ensorcelled Hibernation  Hex/Ice        66%        N/A       1%          2
 Momentum Strike          Conj/Tloc      100%       3d10      1%          2
 Static Discharge         Conj/Air       100%       2-7/arc   1%          2
 Sublimation of Blood     Necr           22%        N/A       1%          2
 Wereblood                Tmut           22%        N/A       1%          2
 Confusing Touch          Hex            44%        N/A       1%          3
 Dazzling Flash           Conj/Hex       100%       N/A       1%          3
 Gell's Gravitas          Tloc           44%        N/A       1%          3
 Portal Projectile        Hex/Tloc       88%        N/A       1%          3
 Stone Arrow              Conj/Erth      100%       3d13      1%          3
 Teleport Other           Tloc           44%        N/A       1%          3
 Tukima's Dance           Hex            44%        N/A       1%          3
 Vhi's Electric Charge    Tloc/Air       66%        N/A       1%          3
 Cause Fear               Hex            22%        N/A       1%          4
 Flame Wave               Conj/Fire      85%        2d18      1%          4
 Leda's Liquefaction      Hex/Erth       32%        N/A       1%          4
 Passage of Golubria      Tloc           44%        N/A       1%          4
 Sticky Flame             Conj/Fire      85%        2d10      1%          4
 Arcjolt                  Conj/Air       42%        1d52      1%          5
 Fireball                 Conj/Fire      42%        3d17      1%          5
 Irradiate                Conj/Tmut      42%        3d25      1%          5
 Lightning Bolt           Conj/Air       42%        1d62      1%          5
 Ignite Poison            Fire/Tmut/Pois 22%        N/A       2%          3
 Spider Form              Tmut/Pois      22%        N/A       2%          3
 Vampiric Draining        Necr           22%        2d7       2%          3
 Borgnjor's Vile Clutch   Necr/Erth      29%        N/A       2%          5
 Anguish                  Hex/Necr       16%        N/A       4%          4
 Conjure Ball Lightning   Conj/Air       42%        3x3d15    6%          6
 Starburst                Conj/Fire      42%        6d12      6%          6
 Dispel Undead            Necr           22%        3d12      7%          4
 Olgreb's Toxic Radiance  Pois           22%        N/A       7%          4
 Yara's Violent Unravell  Hex/Tmut       16%        3d8       11%         5
 Agony                    Necr           22%        N/A       19%         5
 Alistair's Intoxication  Tmut/Pois      14%        N/A       19%         5
 Blade Hands              Tmut           11%        N/A       19%         5
 Spellforged Servitor     Conj/Summ      42%        N/A       28%         7
 Dispersal                Tloc           22%        N/A       30%         6
 Death Channel            Necr           11%        N/A       69%         6
 Eringya's Noxious Bog    Tmut/Pois      11%        N/A       69%         6
 Enfeeble                 Hex            22%        N/A       83%         7
 Summon Hydra             Summ           11%        N/A       99%         7
 Discord                  Hex            22%        N/A       100%        8
 Disjunction              Tloc           22%        N/A       100%        8
 Ignition                 Fire           11%        3d5       100%        8
 Maxwell's Capacitive Co  Air            11%        ∞         100%        8
 Chain Lightning          Conj/Air       42%        3d56      100%        9
 Animate Armour           Summ/Erth      Unusable   N/A       N/A         4

Dungeon Overview and Level Annotations

Branches:
Dungeon (15/15)            Temple (1/1) D:4            Lair (5/5) D:10
  Swamp (0/4) Lair:3        Snake (0/4) Lair:3        Slime (0/5) Lair:4
    Orc (2/2) D:11            Elf (1/3) Orc:2        Vaults (0/5) D:14
 Depths (0/4) D:15          Sewer (visited)          Bailey (visited)
  IceCv (visited)

Altars:
Ashenzari
Cheibriados
Dithmenos
Elyvilon
Fedhas
Gozag
Hepliaklqana
Kikubaaqudgha
Makhleb
Nemelex Xobeh
Okawaru
Qazlal
Ru
Sif Muna
Trog
Uskayaw
Vehumet
Wu Jian
Xom
Yredelemnul
Zin
The Shining One
Jiyva

Shops:
D:3 =   D:5 *=   D:10 !   D:15 *   Orc:1 (   Orc:2 (?([   Elf:1 =::=

Annotations:
D:4 2 transporters


Innate Abilities, Weirdness & Mutations

Your dull iron-grey scales are very hard. (AC +14)
You are amphibious.
You cannot fit into any form of body armour.
You are cold-blooded and may be slowed by cold attacks.


Message History

Sif Muna accepts your kill.
You now have 1/42 mp.
Your magical contamination has completely faded away.
Unknown command.
You start resting.
A deep elf pyromancer comes into view. It is wielding a +0 long sword.
You regained 5 hp, and now have 113/134 hp.
You regained 7 mp, and now have 12/42 mp.
Unknown command.
Aim: a deep elf pyromancer, wielding a +0 long sword (71% to hit)
You feel a surge of power!
The iron shot hits the deep elf pyromancer!!!
You now have 7/42 mp.
Aim: a deep elf pyromancer, wielding a +0 long sword (almost dead, 71% to hit)
You feel a surge of power!
The iron shot hits the deep elf pyromancer!!!
You kill the deep elf pyromancer!
Sif Muna accepts your kill.
You now have 2/42 mp.
What are your orders? t - Shout!
Orders for allies: a - Attack new target. r - Retreat! s - Stop attacking. g - Guard the area. f - Follow me.
Anything else - Cancel.
Okay, then.
There is an open door here.
You reach down and close the door.
You start resting.
Health restored: 134; MP restored: 42 You reach down and open the door.
There is an open door here.
A deep elf knight comes into view.
It is wielding a +0 short sword and wearing a +1 buckler of reflection.
A deep elf knight is nearby!
You can't see any susceptible monsters within range! (Use Z to cast anyway.)
You feel a surge of power!
You conjure a prism of explosive energy!
A fulminant prism comes into view.
You now have 39/42 mp.
You hear a loud crackle.
There is an open door here.
You hear an explosion!
You hear a shout!
MP restored: 42
There is an open door here.
Aim: a deep elf knight, wielding a +0 short sword, wearing a +0 chain mail and wearing a +1 buckler of reflection (heavily wounded, reflecting blocked projectiles, 66% to hit)
You feel a surge of power!
The iron shot misses the deep elf knight.
You now have 37/42 mp.
Aim: a deep elf knight, wielding a +0 short sword, wearing a +0 chain mail and wearing a +1 buckler of reflection (heavily wounded, reflecting blocked projectiles, 66% to hit)
You feel a surge of power!
The deep elf knight reflects the iron shot off its +1 buckler of reflection!
The iron shot hits you!!!
You take 52 damage, and have 82/134 hp.
MASSIVE DAMAGE!!
You now have 31/42 mp.
Aim: a deep elf knight, wielding a +0 short sword, wearing a +0 chain mail and wearing a +1 buckler of reflection (heavily wounded, reflecting blocked projectiles, 66% to hit)
You feel a surge of power!
The iron shot misses the deep elf knight.
The deep elf knight hits you with a +0 short sword.
You take 5 damage, and have 77/134 hp.
You now have 26/42 mp.
Aim: a deep elf knight, wielding a +0 short sword, wearing a +0 chain mail and wearing a +1 buckler of reflection (heavily wounded, reflecting blocked projectiles, 66% to hit)
You feel a surge of power!
The deep elf knight reflects the iron shot off its +1 buckler of reflection!
The iron shot hits you!!!
* * * LOW HITPOINT WARNING * * *
The deep elf knight points at you and mumbles some strange words.
The lance of force hits you but does no damage.
You take 50 damage, and have 27/134 hp.
MASSIVE DAMAGE!!
You now have 21/42 mp.
There is an open door here.
An open door.
Unknown command.
Okay, then.
Here: a deep elf knight, wielding a +0 short sword, wearing a +0 chain mail and wearing a +1 buckler of reflection (heavily wounded, reflecting blocked projectiles)
The floor, spattered with blood.
As you read the scroll of fear, it crumbles to dust.
You assume a fearsome visage.
The deep elf knight looks frightened!
The deep elf knight gestures wildly while chanting.
The deep elf knight flickers and vanishes for a moment.
There is a stone staircase leading down here.
There is an open door here.
You reach down and close the door.
You start resting.
A deep elf knight opens the door.
It is wielding a +0 short sword and wearing a +1 buckler of reflection.
You regained 3 hp, and now have 35/134 hp.
You regained 4 mp, and now have 32/42 mp.
Aim: a deep elf knight, wielding a +0 short sword, wearing a +0 chain mail and wearing a +1 buckler of reflection (heavily wounded, slightly transparent, reflecting blocked projectiles, 66% to hit)
You feel a surge of power!
The deep elf knight reflects the iron shot off its +1 buckler of reflection!
The iron shot misses you.
You now have 27/42 mp.
Aim: a deep elf knight, wielding a +0 short sword, wearing a +0 chain mail and wearing a +1 buckler of reflection (heavily wounded, slightly transparent, reflecting blocked projectiles)
You feel a surge of power!
The deep elf knight reflects your orb of destruction off its +1 buckler of reflection!
The wavering orb of destruction hits you!!
* * * LOW HITPOINT WARNING * * *
The deep elf knight casts a spell at you.
The shard of ice hits you!! You partially resist.
You die...

♣♣.∩..♣ ###...#.##
♣♣...♣ ###..+##
##### ♣♣♣♣♣
##...###...##
#....#.....##
####...........##
##..'............#
#..##............#
#.###............#
#@# #....#....)..#
####
###e####..###......#
....###....# ####
##......
.....#.....# #......
........>.## #......
#.......## ##.....
##.....## ##....
#'###'# #'#..
#.###.###.######
#.#..


You could see a deep elf knight (invisible, reflecting).

Vanquished Creatures
  Rupert (D:13)
  An Ice Fiend (IceCv)
  Jorgrun (D:14)
  Agnes (D:14)
  Frances (D:13)
  Gastronok (Lair:2)
  A dire elephant (D:15)
  Josephine (Orc:1)
  Fannar (D:11)
  An ogre mage (D:12)
  6 hydras
  A rakshasa (D:13)
  2 caustic shrike simulacra (IceCv)
  5 vault guards (D:14)
  Erica (D:9)
  3 catoblepae (Lair:5)
  A death knight (D:15)
  2 boulder beetles
  6 centaur warriors
  6 two-headed ogres
  13 death yaks
  3 dancing weapons (Elf:1)
  A deep troll shaman (Lair:5)
  2 orc high priests
  A deep elf knight (Elf:1)
  6 skeletal warriors (D:12)
  2 bog bodies
  An obsidian statue (IceCv)
  5 spriggan simulacra (IceCv)
  5 deep elf archers (Elf:1)
  3 orc knights (Orc:2)
  7 deep elf zephyrmancers (Elf:1)
  An oklob plant (Lair:5)
  13 deep elf pyromancers
  7 orc sorcerers
  2 phantasmal warriors (D:15)
  10 ugly things
  10 cyclopes
  Maurice (D:8)
  2 manticores
  2 ice statues (D:14)
  19 elephants
  A black mamba (Lair:3)
  Joseph (D:9)
  A torpor snail (Lair:1)
  4 gargoyles
  8 cane toads
  Maggie (D:9)
  A yaktaur (D:14)
  An efreet (D:13)
  2 rime drakes (Lair:5)
  A tengu conjurer (D:14)
  11 komodo dragons
  10 freezing wraiths
  2 ice devils (IceCv)
  A golden dragon simulacrum (IceCv)
  A hornet (D:8)
  2 anaconda simulacra (IceCv)
  2 polar bears (Lair:3)
  5 trolls
  A wolf spider simulacrum (D:15)
  24 blink frogs
  12 dream sheep
  A culicivora (shapeshifter) (D:13)
  A vampire (D:14)
  12 slime creatures
  7 wraiths
  An air elemental (Elf:1)
  A water elemental (Elf:1)
  3 wyverns
  A dire elephant simulacrum (IceCv)
  A shadow (D:10)
  A human (D:14)
  61 yaks
  A fire elemental (Elf:1)
  A fire bat (shapeshifter) (D:13)
  5 basilisks
  2 steam dragons (D:10)
  A redback simulacrum (D:15)
  Edmund (D:5)
  6 nagas (Lair:3)
  2 minotaur simulacra (IceCv)
  3 swamp worms (Lair:3)
  3 acid dragons
  12 water moccasins
  50 orc warriors
  2 ice beasts
  3 black bears
  An alligator simulacrum (IceCv)
  18 wolves
  5 ogres
  4 boggarts (D:14)
  28 centaurs
  3 kobold brigands
  13 bullfrogs
  2 gnoll sergeants
  2 necrophages (D:6)
  3 scorpions
  4 deep troll simulacra (IceCv)
  13 wights
  4 howler monkeys
  2 electric eels
  A hound (D:6)
  Crazy Yiuf (D:2)
  13 jellies (Lair:4)
  7 orc priests
  Ijyb (D:3)
  7 hell rats (Lair:5)
  10 iguanas
  Natasha (thrice) (D:3)
  19 orc wizards
  A human simulacrum (D:13)
  Robin (D:4)
  19 gnolls
  A gnoll (shapeshifter) (D:12)
  4 river rats (Sewer)
  7 adders
  2 white imps
  4 worms
  87 orcs
  5 bats
  8 endoplasms
  A giant cockroach (D:3)
  13 goblins
  9 hobgoblins
  3 jackals (D:4)
  17 kobolds
  6 quokkas
  17 ball pythons
  7 frilled lizards
  29 rats
  2 bushes (Lair:2)
840 creatures vanquished.

Vanquished Creatures (others)
  A human simulacrum (D:13)
  A quokka (D:14)
  258 fulminant prisms
  45 fungi
  115 plants
420 creatures vanquished.

Grand Total: 1260 creatures vanquished

Notes
Turn   | Place    | Note
-------+----------+-------------------------------------------
     0 | D:1      | OTABOTABOTAB the Draconian Conjurer began the quest for the
                  | Orb.
     0 | D:1      | Reached XP level 1. HP: 14/14 MP: 3/3
   299 | D:1      | Reached XP level 2. HP: 19/20 MP: 3/5
   302 | D:1      | Learned a level 2 spell: Searing Ray
  1155 | D:2      | Found a runed translucent door.
  1156 | D:2      | Noticed Crazy Yiuf
  1163 | D:2      | Killed Crazy Yiuf
  1164 | D:2      | Reached skill level 3 in Spellcasting
  1164 | D:2      | Reached XP level 3. HP: 26/26 MP: 0/7
  1577 | D:2      | Reached XP level 4. HP: 33/33 MP: 1/8
  1991 | D:2      | Found a hazy altar of Hepliaklqana.
  2356 | D:3      | Noticed Ijyb
  2365 | D:3      | Learned a level 4 spell: Fulminant Prism
  2910 | D:3      | Found Doggap's Jewellery Emporium.
  2944 | D:3      | Reached skill level 5 in Conjurations
  2948 | D:3      | Killed Ijyb
  2949 | D:3      | Reached XP level 5. HP: 31/38 MP: 1/10
  3006 | D:3      | Reached skill level 4 in Spellcasting
  3197 | D:3      | Noticed Natasha
  3202 | D:3      | Killed Natasha
  3203 | D:3      | Reached skill level 1 in Hexes
  3203 | D:3      | Reached skill level 1 in Translocations
  3394 | D:3      | Noticed Natasha
  3402 | D:3      | Killed Natasha
  3439 | D:3      | Noticed Natasha
  3513 | D:3      | Killed Natasha
  3569 | D:4      | Learned a level 4 spell: Iskenderun's Mystic Blast
  3613 | D:4      | Found a glowing drain.
  3666 | Sewer    | Entered a sewer
  3800 | Sewer    | Reached XP level 6. HP: 45/45 MP: 3/12
  4641 | Sewer    | Reached skill level 2 in Translocations
  4641 | Sewer    | HP: 9/45 [bullfrog (5)]
  4641 | Sewer    | HP: 4/45 [bullfrog (5)]
  4647 | Sewer    | Reached skill level 2 in Hexes
  4932 | D:4      | Reached skill level 5 in Spellcasting
  4932 | D:4      | Your scales start taking on a dull iron-grey colour.
  4932 | D:4      | Reached XP level 7. HP: 50/50 MP: 7/14
  5359 | D:4      | Noticed Robin
  5367 | D:4      | Killed Robin
  5522 | D:4      | Found a transporter.
  5544 | D:4      | Found a transporter.
  5546 | D:4      | Found a staircase to the Ecumenical Temple.
  5559 | Temple   | Entered the Ecumenical Temple
  5608 | Temple   | Became a worshipper of Sif Muna the Loreminder
  5834 | D:5      | Entered Level 5 of the Dungeon
  6065 | D:5      | Found Ocwuoz's One-of-a-Kind Rings.
  6085 | D:5      | Noticed Edmund
  6246 | D:5      | Found Luahazas's Assorted Antiques.
  6391 | D:5      | HP: 7/50 [Edmund/puff of flame (7)]
  6403 | D:5      | HP: 7/50 [Edmund/puff of flame (3)]
  6438 | D:5      | HP: 10/50 [Edmund/puff of flame (7)]
  6879 | D:5      | Killed Edmund
  6880 | D:5      | Reached skill level 6 in Conjurations
  6880 | D:5      | Reached skill level 3 in Translocations
  7011 | D:5      | Reached skill level 3 in Hexes
  7234 | D:6      | Reached skill level 6 in Spellcasting
  7234 | D:6      | Reached XP level 8. HP: 55/57 MP: 5/17
  7383 | D:6      | Reached skill level 7 in Conjurations
  7525 | D:6      | Reached skill level 7 in Spellcasting
  7682 | D:6      | Found a shadowy altar of Dithmenos.
  7882 | D:6      | Found an ornate altar of the Wu Jian Council.
  7972 | D:7      | Reached skill level 1 in Fighting
  7972 | D:7      | Reached skill level 2 in Dodging
  8104 | D:7      | Reached skill level 2 in Fighting
  8104 | D:7      | Reached XP level 9. HP: 67/67 MP: 20/20
  8108 | D:7      | Reached * piety under Sif Muna
  8109 | D:7      | Reached skill level 8 in Conjurations
  8114 | D:7      | Reached skill level 3 in Dodging
  8123 | D:7      | Noticed a gargoyle
  8135 | D:7      | Killed a gargoyle
  8136 | D:7      | Reached skill level 3 in Fighting
  8314 | D:7      | Found a flagged portal.
  8319 | Bailey   | Entered a bailey
  8486 | Bailey   | Reached skill level 4 in Fighting
  8514 | Bailey   | Reached ** piety under Sif Muna
  8538 | Bailey   | Reached skill level 8 in Spellcasting
  8538 | Bailey   | Reached skill level 1 in Invocations
  8633 | Bailey   | Reached skill level 4 in Dodging
  8648 | Bailey   | HP: 6/71 [orc warrior/+0 glaive (16)]
  8663 | Bailey   | Reached skill level 2 in Invocations
  8986 | Bailey   | Reached XP level 10. HP: 78/80 MP: 22/22
  9023 | Bailey   | Reached skill level 9 in Conjurations
  9047 | Bailey   | Acquired a staff of conjuration
  9165 | Bailey   | Reached skill level 5 in Fighting
  9223 | Bailey   | Reached skill level 3 in Invocations
  9249 | Bailey   | Reached *** piety under Sif Muna
  9791 | D:8      | Reached skill level 5 in Dodging
  9791 | D:8      | Noticed Maurice
 10021 | D:8      | Acquired the ring "Nuaceupe" {Wiz Will+ SInv}
 10117 | D:8      | Killed Maurice
 10118 | D:8      | Reached skill level 4 in Invocations
 10424 | D:8      | Found an iron altar of Okawaru.
 10569 | D:9      | Noticed Maggie
 10578 | D:9      | Killed Maggie
 10579 | D:9      | Reached skill level 6 in Fighting
 10706 | D:9      | Noticed Erica
 10718 | D:9      | Killed Erica
 10719 | D:9      | Reached skill level 9 in Spellcasting
 10750 | D:9      | Noticed Joseph
 10762 | D:9      | Killed Joseph
 11049 | D:9      | Reached XP level 11. HP: 89/91 MP: 24/24
 11059 | D:9      | Reached skill level 5 in Invocations
 11218 | D:10     | Entered Level 10 of the Dungeon
 11224 | D:10     | Reached **** piety under Sif Muna
 11309 | D:10     | Noticed a death yak
 11363 | D:10     | Killed a death yak
 11364 | D:10     | Reached skill level 6 in Dodging
 11364 | D:10     | Reached skill level 10 in Conjurations
 11403 | D:10     | Noticed a death yak
 11405 | D:10     | Noticed a death yak
 11409 | D:10     | Reached skill level 7 in Fighting
 11417 | D:10     | Killed a death yak
 11418 | D:10     | Reached skill level 6 in Invocations
 11419 | D:10     | Killed a death yak
 11569 | D:10     | Found a staircase to the Lair.
 11602 | D:10     | Found Buthrugru's Distillery.
 11610 | D:10     | Bought a potion of heal wounds for 85 gold pieces
 11610 | D:10     | Bought a potion of curing for 51 gold pieces
 11610 | D:10     | Bought 2 potions of haste for 340 gold pieces
 11610 | D:10     | Bought a potion of curing for 51 gold pieces
 11822 | D:10     | Reached skill level 9 in Fighting
 11822 | D:10     | Reached skill level 4 in Staves
 11822 | D:10     | Reached skill level 8 in Dodging
 11822 | D:10     | Reached XP level 12. HP: 104/104 MP: 25/25
 12165 | D:11     | Noticed a boulder beetle
 12170 | D:11     | Noticed Fannar
 12187 | D:11     | Killed Fannar
 12188 | D:11     | Reached skill level 5 in Staves
 12188 | D:11     | Reached skill level 10 in Spellcasting
 12188 | D:11     | Reached skill level 7 in Invocations
 12217 | D:11     | Killed a boulder beetle
 12470 | D:11     | Found a staircase to the Orcish Mines.
 12567 | D:11     | Noticed a two-headed ogre
 12575 | D:11     | Killed a two-headed ogre
 12775 | Lair:1   | Entered Level 1 of the Lair of Beasts
 12821 | Lair:1   | Reached skill level 6 in Staves
 12859 | Lair:1   | Reached skill level 8 in Invocations
 12994 | Lair:1   | Reached XP level 13. HP: 111/111 MP: 27/27
 13017 | Lair:1   | Reached skill level 7 in Staves
 13033 | Lair:1   | Reached skill level 9 in Invocations
 14315 | Lair:2   | Reached skill level 8 in Staves
 14331 | Lair:2   | Noticed Gastronok
 14360 | Lair:2   | HP: 25/111 [Gastronok/the air (30)]
 14360 | Lair:2   | Killed Gastronok
 14862 | Lair:2   | Reached skill level 10 in Invocations
 14887 | Lair:2   | Reached skill level 9 in Staves
 15489 | Lair:3   | Reached ***** piety under Sif Muna
 15685 | Lair:3   | Reached skill level 10 in Staves
 15828 | Lair:3   | Found a staircase to the Snake Pit.
 15869 | Lair:3   | Reached skill level 11 in Staves
 16700 | Lair:3   | Found a staircase to the Swamp.
 16918 | Lair:4   | Reached skill level 12 in Staves
 17155 | Lair:4   | Reached XP level 14. HP: 108/118 MP: 8/28
 17158 | Lair:4   | Received a gift from Sif Muna
 17166 | Lair:4   | Learned a level 5 spell: Iskenderun's Battlesphere
 17318 | Lair:4   | Found a staircase to the Slime Pits.
 17318 | Lair:4   | Found a viscous altar of Jiyva.
 17960 | Lair:4   | Learned a level 7 spell: Orb of Destruction
 17982 | Lair:5   | Entered Level 5 of the Lair of Beasts
 17982 | Lair:5   | Found a glowing silver altar of Zin.
 18015 | Lair:5   | HP: 28/118 [catoblepas (14)]
 18309 | Lair:5   | Reached skill level 10 in Fighting
 18310 | Lair:5   | Reached skill level 11 in Invocations
 18402 | Lair:5   | Reached skill level 11 in Conjurations
 18664 | Lair:5   | Reached skill level 9 in Dodging
 19398 | Lair:5   | Reached skill level 12 in Invocations
 19588 | Lair:5   | Identified the ring "Riop" {rC++ Int+6}
 19595 | Lair:5   | Identified the +4 hand axe of Law {venom, Str+5}
 19854 | Orc:1    | Entered Level 1 of the Orcish Mines
 19854 | Orc:1    | Found Ketank's Weapon Shop.
 20008 | Orc:2    | Entered Level 2 of the Orcish Mines
 20015 | Orc:1    | Noticed Josephine
 20024 | Orc:1    | Killed Josephine
 20217 | Orc:2    | Reached skill level 12 in Conjurations
 20228 | Orc:2    | Reached skill level 10 in Dodging
 20250 | Orc:2    | Reached XP level 15. HP: 110/126 MP: 21/29
 20329 | Orc:2    | Received a gift from Sif Muna
 20661 | Orc:2    | Got Sif Muna's Guide on Twinkling Envenoming {god gift}
 20705 | Orc:2    | Found a burning altar of Makhleb.
 21014 | Orc:2    | Found a staircase to the Elven Halls.
 21224 | Orc:2    | Found Gapnooda's Magic Scroll Boutique.
 21224 | Orc:2    | Found Ditesec's Weapon Emporium.
 21226 | Orc:2    | Found Gogom's Antique Armour Shoppe.
 21228 | Orc:2    | Found Qeufita's Antique Weapon Shop.
 21617 | D:12     | Reached skill level 13 in Invocations
 21674 | D:12     | Found a blossoming altar of Fedhas.
 22185 | D:12     | Received a gift from Sif Muna
 22191 | D:12     | Got Sif Muna's Folio of Feathers and Traumaturgy {god gift}
 22766 | D:13     | Noticed Rupert
 22777 | D:13     | Killed Rupert
 22778 | D:13     | Reached skill level 13 in Conjurations
 22854 | D:13     | Reached skill level 11 in Spellcasting
 23107 | D:13     | Identified the +5 ring mail of the Hundredfold Tables
                  | {Str-4 Int+7 SInv}
 23383 | D:13     | Noticed Frances
 23395 | D:13     | Killed Frances
 24313 | D:14     | Found a frozen archway.
 24331 | D:14     | Noticed Agnes
 24332 | D:14     | Reached skill level 14 in Invocations
 24338 | D:14     | HP: 24/126 [Agnes/+2 lajatang of venom (12)]
 24343 | D:14     | HP: 26/126 [poisoned by Agnes]
 24346 | D:14     | Killed Agnes
 24348 | D:14     | Noticed Jorgrun
 24348 | D:14     | HP: 25/126 [poisoned by Agnes]
 24353 | D:14     | HP: 15/126 [poisoned by Agnes]
 24372 | D:14     | HP: 18/126 [centaur warrior/arrow (2)]
 24372 | D:14     | HP: 8/126 [centaur warrior/arrow (1)]
 24686 | D:14     | Killed Jorgrun
 24770 | IceCv    | Entered an ice cave
 25218 | IceCv    | Reached XP level 16. HP: 134/134 MP: 31/31
 25387 | IceCv    | Noticed an Ice Fiend
 25395 | IceCv    | Killed an Ice Fiend
 25404 | IceCv    | Reached skill level 14 in Conjurations
 25411 | IceCv    | HP: 33/134 [freezing wraith (10)]
 25655 | IceCv    | Found the +4 skin of Zhor {*Englaciate rC+++ SInv}
 25831 | D:14     | Reached skill level 12 in Spellcasting
 25852 | D:14     | Received a gift from Sif Muna
 25853 | D:14     | Got Sif Muna's Thoughts on the Tektite and Blasts {god
                  | gift}
 25871 | D:14     | Learned a level 6 spell: Iron Shot
 25924 | D:14     | Reached skill level 1 in Earth Magic
 25991 | D:14     | Reached skill level 2 in Earth Magic
 25999 | D:14     | Reached skill level 3 in Earth Magic
 26216 | D:14     | Found a white marble altar of Elyvilon.
 26549 | D:14     | Found a gate to the Vaults.
 26555 | D:14     | Reached skill level 4 in Earth Magic
 26965 | D:15     | Entered Level 15 of the Dungeon
 27096 | D:15     | Reached skill level 5 in Earth Magic
 27199 | D:15     | Found Vuim's Gadget Gallery.
 27365 | D:15     | Reached skill level 6 in Earth Magic
 27933 | D:15     | Acquired 980 gold pieces
 28045 | D:15     | Found a staircase to the Depths.
 28051 | D:15     | Reached skill level 7 in Earth Magic
 28630 | Elf:1    | Entered Level 1 of the Elven Halls
 28640 | Elf:1    | Reached skill level 8 in Earth Magic
 28796 | Elf:1    | Found Lemej's Jewellery Shoppe.
 28807 | Elf:1    | Reached skill level 9 in Earth Magic
 29065 | Elf:1    | Paralysed by an air elemental for 1 turns
 29190 | Elf:1    | Reached skill level 10 in Earth Magic
 29327 | Elf:1    | Found Kemiotor's Book Boutique.
 29328 | Elf:1    | Found Gonloiph's Jewellery Emporium.
 29330 | Elf:1    | Found Igang's Book Boutique.
 29340 | Elf:1    | Bought a book of Armaments for 504 gold pieces
 29349 | Elf:1    | Learned a level 8 spell: Lehudib's Crystal Spear
 29573 | Elf:1    | HP: 27/134 [reflected bolt (50)]
 29591 | Elf:1    | HP: 17/134 [disintegration (18)]
 29591 | Elf:1    | Killed from afar by a deep elf knight

Illustrated notes

Levels and vault maps discovered:
D:1:      sevenhm_arrival_forest_fort_large_3, layout_basic, nrook_mini_vaults
D:2:      layout_loops_corners, basic_altar, uniq_crazy_yiuf_cottage
D:3:      layout_basic, serial_shops, nicolae_shop_waterfront, uniq_natasha,
          uniq_ijyb
D:4:      gammafunk_wand_slinger, layout_rooms,
          minmay_temple_entry_statues_fountains, cheibrodos_sewer_entry_bend,
          nicolae_goblin_pals
D:5:      layout_gridville, serial_shops, nicolae_lakefront_shop,
          nicolae_shop_unique_rings, uniq_edmund
D:6:      layout_cave_pools, nicolae_dithmenos_the_darkroom,
          nicolae_wu_jian_immortal_techniques, chequers_avenue
D:7:      layout_basic, enter_bailey_3
D:8:      layout_cave_pools, lemuel_crystal_altar, uniq_maurice
D:9:      layout_basic, chequers_serial_rivers_room_b, uniq_joseph, uniq_maggie,
          uniq_erica
D:10:     layout_rooms, dpeg_lair_monsters, serial_shops, shop,
          minmay_variable_closet
D:11:     layout_gridville, orc_david_3, uniq_fannar
D:12:     layout_basic, hangedman_decor_growths, fedhas_altar_1
D:13:     layout_stronghold, serial_column_ruins,
          column_ruins_corridor_straight, column_ruins_columns_straight,
          column_ruins_open_tiny, bh_circular_ruins, uniq_frances, uniq_rupert
D:14:     layout_layer_cave, grunt_vaults_entry_fortified, elyvilon_altar_4,
          portal_ice_cave_entry_ice_statue_two, uniq_jorgrun, uniq_agnes
D:15:     hangedman_depths_entry_try_elsewhere_first, layout_layer_cave,
          hangedman_decor_points, nicolae_shop_gadgets
Temple:   hellmonk_temple_of_storms
Lair:1:   beast_lair_carwin_large_4, layout_gridlike
Lair:2:   layout_hall_layers, nicolae_lair_grazing_beasts
          [nicolae_sub_lair_graze_edge, nicolae_sub_lair_graze_edge,
          nicolae_sub_lair_graze_edge, nicolae_sub_lair_graze_edge],
          uniq_gastronok
Lair:3:   layout_regular_city, nicolae_swamp_entry_splash_gauntlet,
          minmay_snake_entry_guardpost_medium, chequers_serial_rivers_large_b
Lair:4:   layout_regular_city, minmay_slime_entry_jelly_boxes, serial_forest,
          infiniplex_forest_clump_small, infiniplex_forest_clump_tiny,
          infiniplex_forest_lined_2, infiniplex_forest_lined_room_,
          infiniplex_forest_lined_room_3, infiniplex_forest_straight_2,
          infiniplex_forest_end_double
Lair:5:   grunt_lair_end_beastmaster, layout_regular_city, lemuel_oklob_altar,
          grunt_megastairs_1, infiniplex_staircase_pool
Orc:1:    layout_caves, serial_shops, shop, uniq_josephine
Orc:2:    st_orc_rangers, layout_diamond_mine, basic_altar
Elf:1:    nicolae_elf_arrival_no_cutting_in_line, layout_gridlike, serial_shops,
          shop_fountains, minivault_28, minmay_shop_grove

Skill      XL: |  1  2  3  4  5  6  7  8  9 10 11 12 13 14 15 16 |
---------------+-------------------------------------------------+-----
Spellcasting   | 3 4 5 6 7 8 9 10 11 12 | 12.3
Conjurations   | 5 6 7 8 9 10 12 13 14 | 14.3
Hexes          | 1 2 3 |  3.0
Translocations | 1 2 3 |  3.0
Fighting       | 2 4 6 9 10 | 10.0
Dodging        | 2 4 5 8 10 | 10.0
Invocations    | 2 4 6 8 10 12 14 | 14.7
Staves         | 4 6 12 | 12.0
Earth Magic    | 10 | 10.7
Stealth        | |  1.7

Action                   |  1- 3 |  4- 6 |  7- 9 | 10-12 | 13-15 | 16-18 || total
-------------------------+-------+-------+-------+-------+-------+-------++-------
Melee: Whip              |       |    10 |     4 |       |       |       ||    14
       Tailslap          |       |     1 |       |       |     4 |     4 ||     9
       Staff             |       |       |       |     4 |    44 |    15 ||    63
       Punch             |       |       |       |       |     2 |       ||     2
 Fire: Sling             |    22 |    13 |     3 |       |       |       ||    38
       Shortbow          |       |       |    54 |    19 |       |       ||    73
 Cast: Magic Dart        |    30 |   106 |   134 |    87 |   387 |   112 ||   856
       Searing Ray       |     2 |    27 |    54 |    34 |    71 |     8 ||   196
       Iskenderun's Myst |       |       |    22 |    47 |   291 |    71 ||   431
       Fulminant Prism   |       |       |    21 |    93 |   132 |    12 ||   258
       Iskenderun's Batt |       |       |       |       |    81 |    27 ||   108
       Orb of Destructio |       |       |       |       |     3 |    12 ||    15
       Iron Shot         |       |       |       |       |       |    25 ||    25
Invok: Channel Magic     |       |       |     1 |     5 |    14 |     2 ||    22
Evoke: Wand              |       |       |     3 |       |       |       ||     3
  Use: Scroll            |       |    11 |    10 |     8 |     6 |     4 ||    39
       Potion            |       |     2 |     2 |     1 |     8 |       ||    13
Armor: Skin              |     1 |    25 |    53 |    36 |   115 |    13 ||   243
Dodge: Dodged            |     5 |    38 |    64 |    46 |   203 |    31 ||   387

Table legend: (Time is in decaauts)
 A = Elapsed time spent in this place.
 B = Non-inter-level travel time spent in this place.
 C = Inter-level travel time spent in this place.
 D = Time resting spent in this place.
 E = Time spent auto-exploring this place.
 F = Levels seen in this place.
 G = Mean time per level.
                   A        B        C        D        E       F      G
               +--------+--------+--------+--------+--------+-----+--------+
         Total |  30519 |  29519 |   1000 |   3771 |  20523 |  27 | 1130.3 |
       Dungeon |  16874 |  16232 |    642 |   1416 |  12377 |  15 | 1124.9 |
        Temple |     54 |     50 |      4 |      0 |     29 |   1 |   54.0 |
          Lair |   7326 |   7096 |    230 |    595 |   5325 |   5 | 1465.2 |
  Orcish Mines |   1718 |   1596 |    122 |     71 |   1184 |   2 |  859.0 |
   Elven Halls |    990 |    990 |      0 |    276 |    462 |   1 |  990.0 |
         Sewer |   1292 |   1292 |      0 |    661 |    473 |   1 | 1292.0 |
        Bailey |   1207 |   1207 |      0 |    293 |    381 |   1 | 1207.0 |
      Ice Cave |   1054 |   1054 |      0 |    459 |    290 |   1 | 1054.0 |
               +--------+--------+--------+--------+--------+-----+--------+

Top non-repeatable levels by time:
    D:13: 1762 daAuts
    D:14: 1710 daAuts
    D:15: 1655 daAuts
  Lair:3: 1584 daAuts
  Lair:5: 1584 daAuts
  Lair:1: 1449 daAuts
  Lair:4: 1400 daAuts
     D:5: 1386 daAuts
     D:2: 1354 daAuts
    D:12: 1322 daAuts
  Lair:2: 1307 daAuts
   Sewer: 1292 daAuts
     D:3: 1271 daAuts
  Bailey: 1207 daAuts
   Orc:2: 1107 daAuts

Table legend:
 A = Kills in this place as a percentage of kills in entire the game.
 B = Kills by you in this place as a percentage of kills by you in the entire game.
 C = Kills by friends in this place as a percentage of kills by friends in the entire game.
 D = Other kills in this place as a percentage of other kills in the entire game.
 E = Experience gained in this place as a percentage of experience gained in the entire game.
 F = Experience gained in this place divided by the number of levels of this place that you have seen.
                   A       B       C       D       E      F
               +-------+-------+-------+-------+-------+----------------------
         Total | 100.0 | 100.0 |   N/A |   N/A | 100.0 | 6977.2
       Dungeon |  40.2 |  40.2 |   N/A |   N/A |  39.8 | 4999.0
          Lair |  27.6 |  27.6 |   N/A |   N/A |  32.9 | 12393.0
  Orcish Mines |  11.9 |  11.9 |   N/A |   N/A |   6.5 | 6142.0
   Elven Halls |   4.4 |   4.4 |   N/A |   N/A |  11.7 | 22023.0
         Sewer |   6.1 |   6.1 |   N/A |   N/A |   0.2 | 339.0
        Bailey |   6.1 |   6.1 |   N/A |   N/A |   1.6 | 2946.0
      Ice Cave |   3.7 |   3.7 |   N/A |   N/A |   7.3 | 13843.0
               +-------+-------+-------+-------+-------+----------------------
